Map: Prion Terraces

Players

LiquidTLO (TLO) - Winner!

  • Race: Zerg Zerg
  • League: Grandmaster

PtitDrogo

  • Race: Protoss Protoss
  • League: Master

Event: DreamHack ZOWIE Open Leipzig

VOD

Have the link to the VOD?

Description

Time

  • Played on: Jan. 23, 2016, 9 a.m.
  • Length: 7:51

All games in this series

Show
View Real Time Build Order
Export as new Build Order

LiquidTLO Zerg - Winner!

Build Orders: Hatch First 

Get SALT Encoding   

  12  0:01  Drone  
  13  0:13  Overlord  
  13  0:18  Drone  
  14  0:31  Drone x2  
  14  0:35  Drone  
  17  0:53  Hatchery  
  17  0:55  Drone  
  17  0:59  Drone  
  18  1:07  Extractor  
  17  1:15  Spawning Pool  
  16  1:19  Drone  
  16  1:23  Drone, Extractor  
  17  1:29  Drone  
  18  1:39  Drone  
  19  1:40  Extractor  
  19  1:54  Drone  
  20  1:59  Extractor  
  20  2:02  Queen  
  20  2:05  Spine Crawler, Queen  
  23  2:10  Metabolic Boost  
  23  2:17  Extractor  
  23  2:19  Zergling x2  
  23  2:22  Zergling x2  
  25  2:32  Zergling x2  
  25  2:33  Overlord  
  25  2:36  Extractor  
  26  2:39  Zergling x2  
  27  2:44  Overlord  
  27  2:45  Drone  
  28  2:52  Drone  
  28  2:54  Drone  
  28  2:55  Drone  
  31  2:59  Drone  
  32  3:06  Drone  
  32  3:09  Drone  
  34  3:12  Drone  
  34  3:13  Drone x2  
  34  3:18  Drone  
  37  3:23  Drone  
  37  3:25  Drone x2  
  40  3:36  Hatchery  
  40  3:40  Extractor  
  38  3:43  Roach Warren  
  38  3:44  Drone  
  38  3:45  Drone  
  38  3:47  Drone  
  40  3:50  Drone x2  
  40  3:54  Drone x2  
  42  4:00  Drone x2  
  42  4:01  Extractor  
  42  4:02  Overlord  
  43  4:05  Burrow  
  43  4:09  Extractor  
  42  4:10  Overlord  
  42  4:15  Overlord  
  42  4:19  Overlord  
  42  4:21  Drone  
  42  4:24  Drone  
  44  4:25  Roach x2  
  44  4:27  Roach  
  50  4:32  Roach x2  
  50  4:37  Roach x2  
  56  4:40  Roach  
  56  4:44  Roach  
  59  4:50  Roach  
  56  4:55  Roach  
  56  4:58  Roach  
  59  5:04  Roach  
  59  5:08  Roach  
  59  5:12  Roach  
  62  5:19  Overlord  
  62  5:24  Zergling x4  
  62  5:28  Zergling x2  
  65  5:31  Roach  
  65  5:33  Roach  
  69  5:39  Drone x10  
  69  5:40  Roach  
  68  5:43  Roach x2  
  68  5:45  Roach  
  68  5:46  Roach  
  68  5:48  Roach  
  78  5:54  Roach  
  78  5:56  Ravager x2  
  78  5:57  Ravager  
  81  5:58  Ravager x2  
  81  6:01  Roach  
  79  6:04  Zergling x2  
  79  6:08  Roach x4  
  79  6:09  Roach  
  80  6:12  Roach  
  82  6:21  Roach  
  82  6:22  Roach  
  84  6:30  Roach  
  83  6:34  Drone x6, Ravager  
  83  6:36  Roach  
  83  6:41  Roach  
  83  6:44  Roach  
  78  6:47  Roach  
  78  6:52  Roach x4  
  77  7:03  Roach  
  77  7:04  Roach  
  79  7:10  Roach  
  79  7:15  Roach  
  77  7:16  Roach x3, Zergling x2  
  77  7:17  Drone x4, Zergling x2  
  77  7:18  Zergling x2  
  77  7:21  Zergling x2  
  69  7:23  Drone  
  69  7:25  Drone, Roach x6  
  69  7:27  Drone  
  72  7:31  Zergling x4  
  67  7:38  Drone x2  
Show
View Real Time Build Order
Export as new Build Order

PtitDrogo Protoss 

Build Orders: 1 Gate Expand, Mass Adepts 

Get SALT Encoding   

  12  0:01  Probe (Chrono Boost)  
  13  0:13  Pylon  
  13  0:17  Probe (Chrono Boost)  
  14  0:27  Probe (Chrono Boost)  
  15  0:33  Gateway  
  15  0:38  Probe (Chrono Boost)  
  16  0:43  Assimilator  
  16  0:48  Probe (Chrono Boost)  
  17  0:59  Probe (Chrono Boost)  
  17  1:02  Gateway  
  18  1:10  Probe (Chrono Boost)  
  19  1:21  Cybernetics Core  
  19  1:38  Nexus  
  19  1:44  Pylon  
  19  1:58  Adept (Chrono Boost)  
  19  2:01  Adept (Chrono Boost)  
  23  2:03  Probe  
  24  2:09  Warp Gate (Chrono Boost)  
  24  2:15  Probe  
  25  2:27  Probe (Chrono Boost)  
  26  2:30  Assimilator  
  26  2:32  Adept  
  28  2:38  Probe (Chrono Boost)  
  29  2:49  Probe (Chrono Boost)  
  31  2:59  Probe (Chrono Boost)  
  31  3:02  Mothership Core (Chrono Boost)  
  31  3:14  Adept  
  31  3:15  Adept, Pylon  
  31  3:17  Probe (Chrono Boost)  
  36  3:22  Probe (Chrono Boost)  
  37  3:27  Probe (Chrono Boost)  
  37  3:31  Probe (Chrono Boost), Twilight Council  
  38  3:39  Probe  
  39  3:41  Probe  
  39  3:46  Gateway x2  
  38  3:51  Probe  
  38  3:52  Probe  
  39  4:04  Probe  
  39  4:08  Adept  
  39  4:09  Adept  
  44  4:11  Probe  
  44  4:15  Pylon  
  44  4:16  Probe  
  46  4:18  Resonating Glaives (Chrono Boost)  
  46  4:21  Probe  
  47  4:34  Adept x2  
  47  4:35  Probe  
  51  4:40  Probe  
  52  4:51  Pylon  
  52  4:59  Adept  
  54  5:00  Adept x3  
  54  5:04  Gateway x2  
  54  5:18  Pylon  
  54  5:19  Assimilator  
  56  5:24  Adept x4  
  60  5:45  Probe  
  60  5:47  Blink (Chrono Boost)  
  59  5:50  Robotics Facility  
  59  5:55  Probe  
  60  6:00  Stalker x3  
  66  6:09  Probe  
  67  6:14  Stalker  
  67  6:15  Stalker  
  71  6:19  Assimilator  
  71  6:23  Stalker  
  59  6:33  Pylon  
  59  6:35  Probe, Pylon  
  59  6:38  Pylon  
  58  6:41  Stalker  
  58  6:48  Pylon  
  52  6:57  Stalker x2  
  52  6:58  Stalker  
  45  7:09  Probe  
  45  7:10  Zealot x3  
  45  7:11  Probe  
  41  7:20  Probe  
  41  7:21  Zealot x2  
  41  7:22  Zealot  
  40  7:23  Probe, Observer (Chrono Boost)  
  33  7:30  Probe  
  33  7:31  Zealot x2  
  33  7:35  Probe  
  32  7:45  Stalker  

Tags
 
Add a new tag
Caveats
  • Supply blocks, unpowered buildings, or Contaminate may cause inaccurate times.
  • Supply counts are checked every 10 seconds.